 Dungeon Sprint DCSS version 0.22-a0-433-gd2a9cce (webtiles) character file.

28 jerryfan the Digger (level 3, -3/32 HPs)
             Began as a Gnoll Wanderer on May 27, 2018.
             Slain by a water elemental (15 damage)
             ... in the Dungeon (Sprint III: "The Ten Rune Challenge").
             The game lasted 00:02:10 (290 turns).

jerryfan the Digger (Gnoll Wanderer)                 Turns: 290, Time: 00:02:11

Health: -3/32      AC:  3    Str: 16    XL:     3   Next: 14%
Magic:  7/7        EV: 12    Int: 11    God:
Gold:   31         SH:  0    Dex: 16    Spells: 8/8 levels left

rFire    . . .     SeeInvis .   c - +0 spear
rCold    . . .     Gourm    .   (no shield)
rNeg     . . .     Faith    .   d - +0 robe
rPois    .         Spirit   .   (helmet restricted)
rElec    .         Reflect  .   (no cloak)
rCorr    .         Harm     .   b - +0 pair of gloves
MR       .....     Clarity  +   (no boots) Stlth +++.......NoTele +
                                (no amulet)
HPRegen  0.10/turn              (no ring)
MPRegen  0.10/turn              (no ring)

@: no status effects
A: distributed training, fangs 1, horns 2, camouflage 1, clarity, strong nose
a: no special abilities


You were in the Dungeon.
You were not hungry.

You visited 1 branch You collected 31 gold pieces.

Inventory:

Hand Weapons
 c - a +0 spear (weapon)
Armour
 b - a +0 pair of gloves (worn)
 d - a +0 robe (worn)
Scrolls
 j - 2 scrolls of torment {unknown}
 k - a scroll of blinking
 l - 3 scrolls of identify {unknown}
 n - 2 scrolls of remove curse
Potions
 e - a potion of curing
 g - a potion of heal wounds
 h - a potion of haste
 i - 2 potions of magic
 m - 4 potions of flight
 o - 3 potions of mutation
Comestibles
 f - 3 rations


   Skills:
 + Level 4.9 Fighting
 + Level 1.8 Short Blades
 + Level 1.8 Long Blades
 + Level 1.8 Axes
 + Level 1.8 Maces & Flails
 + Level 1.8 Polearms
 + Level 1.8 Staves
 + Level 1.8 Slings
 + Level 1.8 Bows
 + Level 1.8 Crossbows
 + Level 1.8 Throwing
 + Level 3.1 Armour
 + Level 1.8 Dodging
 + Level 3.0 Stealth
 + Level 1.8 Shields
 + Level 1.8 Unarmed Combat
 + Level 3.3 Spellcasting
 + Level 1.4 Conjurations
 + Level 2.5 Hexes
 + Level 1.4 Charms
 + Level 1.4 Summonings
 + Level 1.4 Necromancy
 + Level 1.4 Translocations
 + Level 1.4 Transmutations
 + Level 1.4 Fire Magic
 + Level 1.4 Ice Magic
 + Level 1.4 Air Magic
 + Level 5.6 Earth Magic
 + Level 1.4 Poison Magic
 + Level 2.0 Invocations
 + Level 3.1 Evocations


You had 8 spell levels left.
You didn't know any spells.
Your spell library contained the following spells:

 Spells                   Type           Power        Failure   Level  Hunger
 Sublimation of Blood     Necr           #.........   22%         2    ###....
 Corpse Rot               Necr           N/A          22%         2    ###....
 Stone Arrow              Conj/Erth      #.....       19%         3    ###....
 Passwall                 Tmut/Erth      #.......     9%          2    ###....
 Lee's Rapid Deconstruct  Erth           ##........   56%         5    ######.
 Sandblast                Erth           ##....       2%          1    #......
 Petrify                  Tmut/Erth      #.......     52%         4    #####..


Dungeon Overview and Level Annotations

Branches:
Dungeon (1/1)

Altars:


Innate Abilities, Weirdness & Mutations

Your experience applies equally to all skills.
You have very sharp teeth.
Your uncanny sense of smell can sniff out nearby items.
You have a pair of horns on your head.
Your skin changes colour to match your surroundings (Stealth+).
You possess an exceptional clarity of mind.


Message History

The water elemental completely misses you.
You hit the water elemental.
The water elemental is heavily damaged.
The water elemental hits you!
Ouch! That really hurt!
The water elemental engulfs you in water!
You slip free of the water engulfing you.
You gasp with relief as air once again reaches your lungs.
You barely miss the water elemental.
You headbutt the water elemental, but do no damage.
The water elemental is heavily damaged.
The water elemental misses you.
You hit the water elemental.
The water elemental is heavily damaged.
The water elemental closely misses you.
You hit the water elemental.
You bite the water elemental, but do no damage.
The water elemental is severely damaged.
The water elemental hits you!
You die...

▓▓▓▓▓▓▓▓▓ ▓▓▓
▓<..#...#### ##.#
▓...#......#####..#
▓..##.......#..#..#∆
▓##.##.##..÷#..#..# #+#+#
##.##.###..##'#..#......
▓#.####.##..###...'.⌠....
▓.###..##..####@E.#...###
▓#.....##..###....# ⌠.#
###..##...##.....# .#∆
##..##....#......# #
#..###..##.#.....# ∆∆
#..# #..#####....# ▓▓▓▓
▓▓▓▓ ▓▓▓▓▓▓


You could see a water elemental.

Vanquished Creatures
  A human (D)
  An ooze (D)
  A phantom (D)
  3 rats (D)
6 creatures vanquished.

Vanquished Creatures (others)
  2 draconian scorchers (D)
  A yaktaur (D)
  6 hellions (D)
  A plant (D)
10 creatures vanquished.

Grand Total: 16 creatures vanquished

Notes
Turn   | Place    | Note
-------+----------+-------------------------------------------
     0 | D        | jerryfan the Gnoll Wanderer began the quest for the Orb.
     0 | D        | jerryfan set off with: a +0 spear, a +0 robe, a potion of curing, a ration, a potion of heal wounds, a potion of haste, 2 potions of magic, a potion of berserk rage, a scroll of blinking
     0 | D        | Reached XP level 1. HP: 20/20 MP: 4/4
    14 | D        | Reached skill level 1 in Invocations
    47 | D        | Reached skill level 1 in Short Blades
    47 | D        | Reached skill level 1 in Long Blades
    47 | D        | Reached skill level 1 in Axes
    47 | D        | Reached skill level 1 in Maces & Flails
    47 | D        | Reached skill level 1 in Polearms
    47 | D        | Reached skill level 1 in Staves
    47 | D        | Reached skill level 1 in Slings
    47 | D        | Reached skill level 1 in Bows
    47 | D        | Reached skill level 1 in Crossbows
    47 | D        | Reached skill level 1 in Throwing
    47 | D        | Reached skill level 1 in Dodging
    47 | D        | Reached skill level 1 in Shields
    47 | D        | Reached skill level 1 in Unarmed Combat
    54 | D        | Reached XP level 2. HP: 26/26 MP: 5/5
    75 | D        | Killed a hellion
    79 | D        | Reached skill level 1 in Conjurations
    79 | D        | Reached skill level 1 in Charms
    79 | D        | Reached skill level 1 in Summonings
    79 | D        | Reached skill level 1 in Necromancy
    79 | D        | Reached skill level 1 in Translocations
    79 | D        | Reached skill level 1 in Transmutations
    79 | D        | Reached skill level 1 in Fire Magic
    79 | D        | Reached skill level 1 in Ice Magic
    79 | D        | Reached skill level 1 in Air Magic
    79 | D        | Reached skill level 1 in Poison Magic
    79 | D        | Reached XP level 3. HP: 19/32 MP: 5/7
    92 | D        | Killed a hellion
   100 | D        | Killed a hellion
   100 | D        | Killed a hellion
   101 | D        | Killed a hellion
   101 | D        | Killed a hellion
   153 | D        | Killed a yaktaur
   154 | D        | Killed a white draconian scorcher
   168 | D        | Killed a white draconian scorcher
   274 | D        | Gained mutation: You have a pair of small horns on your head. [potion of mutation]
   274 | D        | Gained mutation: You have a pair of horns on your head. [potion of mutation]
   274 | D        | Gained mutation: Your skin changes colour to match your surroundings (Stealth+). [potion of mutation]
   274 | D        | Gained mutation: You possess an exceptional clarity of mind. [potion of mutation]
   280 | D        | Noticed a water elemental
   290 | D        | Slain by a water elemental

Vault maps used:
D:        dungeon_sprint_mu

Skill      XL: |  1  2  3 |
---------------+----------+-----
Hexes          | 2 |  2.5
Invocations    | 1 2 |  2.0
Short Blades   | 1 |  1.8
Long Blades    | 1 |  1.8
Axes           | 1 |  1.8
Maces & Flails | 1 |  1.8
Polearms       | 1 |  1.8
Staves         | 1 |  1.8
Slings         | 1 |  1.8
Bows           | 1 |  1.8
Crossbows      | 1 |  1.8
Throwing       | 1 |  1.8
Dodging        | 1 |  1.8
Shields        | 1 |  1.8
Unarmed Combat | 1 |  1.8
Armour         | 3 |  3.1
Spellcasting   | 3 |  3.3
Conjurations   | 1 |  1.4
Charms         | 1 |  1.4
Summonings     | 1 |  1.4
Necromancy     | 1 |  1.4
Translocations | 1 |  1.4
Transmutations | 1 |  1.4
Fire Magic     | 1 |  1.4
Ice Magic      | 1 |  1.4
Air Magic      | 1 |  1.4
Poison Magic   | 1 |  1.4
Evocations     | 3 |  3.1
Stealth        | 3 |  3.0
Fighting       | |  4.9
Earth Magic    | |  5.6

Action                   || total
-------------------------++-------
Melee: Spear             ||    31
       Bite              ||     8
       Headbutt          ||     3
  Use: Potion            ||     2
 Stab: Sleeping          ||     4
Armor: Robe              ||     1
Dodge: Dodged            ||    13

Table legend:
 A = Spawn XP
 B = Non-spawn XP
 C = Spawn XP percentage of total XP
 D = Spawn monster count
 E = Non-spawn monster count
 F = Spawn count percentage of total count
 G = Total turns spent on level
                    A         B        C        D         E        F      G
               +---------+---------+-------+---------+---------+-------+---------
         Total |       0 |      41 |   0.0 |       0 |       6 |   0.0 |   290
               +---------+---------+-------+---------+---------+-------+---------
             D |       0 |      41 |   0.0 |       0 |       6 |   0.0 |   290
               +---------+---------+-------+---------+---------+-------+---------
